 Dungeon Crawl Stone Soup version 0.23.1 (webtiles) character file.

Game seed: 5927833386645439668

57 Sandy the Ducker (level 3, -3/19 HPs)
             Began as a Spriggan Abyssal Knight on Mar 18, 2019.
             Was a Follower of Lugonu.
             Slain by a gnoll sergeant
             ... wielding a +0 trident of venom
              (6 damage)
             ... on level 2 of the Dungeon.
             The game lasted 00:02:41 (1335 turns).

Sandy the Ducker (Spriggan Abyssal Knight)          Turns: 1335, Time: 00:02:43

Health: -3/19      AC:  2    Str:  8    XL:     3   Next: 73%
Magic:  5/5        EV: 19    Int: 13    God:    Lugonu [*.....]
Gold:   64         SH:  0    Dex: 16    Spells: 2/2 levels left

rFire    . . .     SeeInvis +   d - +0 lajatang
rCold    . . .     Gourm    .   (shield currently unavailable)
rNeg     . . .     Faith    .   b - +0 robe
rPois    .         Spirit   .   (helmet restricted)
rElec    .         Reflect  .   (no cloak)
rCorr    .         Harm     +   (gloves unavailable)
MR       .....                  (boots unavailable)
Stlth    +.........             e - amulet of harm
HPRegen  0.06/turn              (no ring)
MPRegen  0.09/turn              (no ring)

@: very quick
A: very small, unfitting armour, see invisible, herbivore, speed 3, slow
metabolism 2
a: Depart the Abyss, Renounce Religion


You were on level 2 of the Dungeon.
You worshipped Lugonu.
Lugonu was aware of your devotion.
You were not hungry.

You visited 1 branch of the dungeon, and saw 2 of its levels.
You visited the Abyss 1 time.

You collected 64 gold pieces.

Inventory:

Hand Weapons
 a - a +1 short sword
 d - a +0 lajatang (weapon)
Missiles
 f - 28 stones (quivered)
Armour
 b - a +0 robe (worn)
Jewellery
 e - an amulet of harm (around neck)
Scrolls
 g - a scroll of identify {unknown}
 i - a scroll of remove curse {unknown}
 j - a scroll of enchant weapon {unknown}
 m - a scroll of immolation {unknown}
 n - a scroll of teleportation {unknown}
Potions
 h - a potion of degeneration {unknown}
 k - a potion of flight {unknown}
 l - a potion of invisibility {unknown}
 o - a potion of might {unknown}
Comestibles
 c - 4 rations


   Skills:
 - Level 2.4 Fighting
 - Level 2.1 Short Blades
 + Level 2.5 Staves
 - Level 3.5 Dodging
 - Level 1.7 Invocations


You had 2 spell levels left.
You didn't know any spells.
Your spell library was empty.

Dungeon Overview and Level Annotations

Branches:
Dungeon (2/15)

Altars:


Innate Abilities, Weirdness & Mutations

You are very small and have problems with some larger weapons.
You are too small for most types of armour.
You have supernaturally acute eyesight. (SInv)
You are a herbivore.
You cover ground extremely quickly.
You need to consume almost no food.


Message History

The hobgoblin misses you. The gnoll misses you.
You closely miss the hobgoblin.
The hobgoblin is moderately wounded.
The hobgoblin hits you with a +0 club. The gnoll closely misses you.
You slash the hobgoblin!
You kill the hobgoblin!
Lugonu accepts your kill. The gnoll misses you.
Items here: )) †† a +0 club x2; a hobgoblin corpse; a giant cockroach corpse You closely miss the gnoll.
The gnoll hits you with a +0 halberd!
Ouch! That really hurt!
* * * LOW HITPOINT WARNING * * *
A gnoll sergeant comes into view. It is wielding a +0 trident of venom.
The gnoll sergeant shouts!
You slash the gnoll!
You kill the gnoll!
Lugonu accepts your kill.
The gnoll sergeant hits you from afar with a +0 trident of venom.
You die...

#... #... #... ...
..### ..g #)# #@##
.##.#).##########
.........<........
..##.##....#######
#. ####..# # ##.#
... ###.. ...


You could see a gnoll sergeant.

Vanquished Creatures
  3 gnolls (D:2)
  An ooze (D:1)
  2 dart slugs (D:1)
  2 bats (D:1)
  A giant cockroach (D:2)
  2 goblins (D:1)
  3 hobgoblins
  3 frilled lizards (D:1)
  3 kobolds (D:1)
  3 rats (D:1)
23 creatures vanquished.

Notes
Turn   | Place    | Note
-------+----------+-------------------------------------------
     0 | Abyss:1  | Sandy the Spriggan Abyssal Knight began the quest for the
                  | Orb.
     0 | Abyss:1  | Reached XP level 1. HP: 11/11 MP: 3/3
    75 | Abyss:1  | Found a corrupted altar of Lugonu.
   138 | Abyss:1  | Noticed a small abomination
   150 | Abyss:1  | Noticed a black mamba skeleton
   153 | Abyss:1  | Noticed an iron imp
   159 | Abyss:1  | Noticed a chaos spawn
   269 | Abyss:3  | Noticed a smoke demon
   273 | D:1      | Escaped the Abyss
   502 | D:1      | Reached skill level 1 in Staves
   505 | D:1      | Reached * piety under Lugonu
   505 | D:1      | Reached XP level 2. HP: 13/16 MP: 4/4
  1318 | D:2      | Reached XP level 3. HP: 19/19 MP: 5/5
  1334 | D:2      | Noticed a gnoll sergeant
  1335 | D:2      | Slain by a gnoll sergeant

Skill      XL: |  1  2 |
---------------+-------+-----
Staves         | 1 2 |  2.5
Fighting       | |  2.4
Short Blades   | |  2.1
Dodging        | |  3.5
Invocations    | |  1.7

Action                   || total
-------------------------++-------
Melee: Lajatang          ||    98
Invok: Depart the Abyss  ||     1
 Stab: Sleeping          ||     2
Armor: Robe              ||    11
Dodge: Dodged            ||   112
